1781 views
Uploaded 2023-04-01 10:09:08
Game version 1.35 (6115)
28:11 long 3on3 ladder game on (6)BloodstoneMesa_LV
Saved by GIGA
1781 views
Uploaded 2023-04-01 10:09:08
Game version 1.35 (6115)
28:11 long 3on3 ladder game on (6)BloodstoneMesa_LV


126 units @ 13.8k
/ 1.5k
98 buildings @ 13.3k
/ 6.1k


| Scroll of Healing | 5 | 1250 |
| Scroll of Protection | 1 | 150 |
| Potion of Lesser Invulnerability | 2 | 300 |
| Circlet of Nobility | 1 | 175 |
| Periapt of Vitality | 1 | 325 |
| total: | 10 | 2200g |
| Wisp | 46 | 2760 | / | 0 |
| Archer | 9 | 1170 | / | 90 |
| Hippogryph | 4 | 640 | / | 80 |
| Druid of the Talon | 8 | 1160 | / | 160 |
| total: | 67 | 5730g | / | 330w |
| Ancient Protector | 19 | 2565 | / | 1520 |
| Altar of Elders | 1 | 180 | / | 50 |
| Moon Well | 13 | 2340 | / | 520 |
| Hunter's Hall | 1 | 210 | / | 100 |
| Ancient of War | 4 | 600 | / | 240 |
| Ancient of Wonders | 2 | 180 | / | 60 |
| Tree of Life | 5 | 1700 | / | 925 |
| Ancient of Wind | 2 | 300 | / | 280 |
| Tree of Ages | 1 | 320 | / | 180 |
| Tree of Eternity | 1 | 330 | / | 200 |
| total: | 47 | 8075g | / | 3695w |
| 0:03 | Wisp |
| 0:03 | Wisp |
| 0:04 | Wisp |
| 0:25 | Altar of Elders |
| 0:29 | Wisp |
| 0:29 | Wisp |
| 0:41 | Moon Well |
| 0:44 | Wisp |
| 0:44 | Wisp |
| 0:53 | Wisp |
| 1:45 | Moon Well |
| 1:55 | Hunter's Hall |
| 1:58 | Wisp |
| 1:58 | Wisp |
| 1:59 | Wisp |
| 2:23 | Wisp |
| 2:23 | Wisp |
| 2:42 | Ancient of War |
| 2:45 | Force of Nature |
| 3:18 | Moon Well |
| 3:34 | Tree of Ages |
| 3:45 | Archer |
| 3:45 | Archer |
| 4:07 | Archer |
| 4:44 | Entangling Roots |
| 4:45 | Archer |
| 4:48 | Strength of the Moon |
| 4:54 | Ancient of Wonders |
| 5:21 | Tree of Life |
| 5:24 | Archer |
| 5:27 | Moon Armor |
| 5:47 | Archer |
| 6:07 | Force of Nature |
| 6:08 | Nature's Blessing |
| 6:13 | Ancient of Wind |
| 6:34 | Improved Strength of the Moon |
| 7:22 | Scroll of Healing |
| 7:26 | Improved Bows |
| 7:33 | Hippogryph |
| 7:33 | Hippogryph |
| 8:49 | Trueshot Aura |
| 8:57 | Hippogryph |
| 8:57 | Hippogryph |
| 9:53 | Wisp |
| 9:53 | Wisp |
| 9:53 | Wisp |
| 9:53 | Wisp |
| 9:53 | Wisp |
| 10:01 | Archer |
| 10:01 | Archer |
| 10:01 | Archer |
| 11:26 | Tree of Eternity |
| 11:27 | Improved Moon Armor |
| 12:02 | Scroll of Healing |
| 12:02 | Scroll of Healing |
| 12:04 | Scroll of Protection |
| 12:05 | Potion of Lesser Invulnerability |
| 12:12 | Circlet of Nobility |
| 12:12 | Periapt of Vitality |
| 12:32 | Ancient Protector |
| 12:33 | Ancient Protector |
| 12:35 | Ancient Protector |
| 12:50 | Entangling Roots |
| 13:04 | Wisp |
| 13:04 | Wisp |
| 13:04 | Wisp |
| 13:15 | Druid of the Talon Adept Training |
| 13:17 | Strength of the Wild |
| 13:17 | Reinforced Hides |
| 13:17 | Ultravision |
| 13:25 | Ancient Protector |
| 13:32 | Scout |
| 13:38 | Ancient Protector |
| 13:54 | Marksmanship |
| 13:57 | Scroll of Healing |
| 13:57 | Scroll of Healing |
| 13:58 | Potion of Lesser Invulnerability |
| 14:10 | Ancient Protector |
| 15:40 | Advanced Strength of the Moon |
| 15:41 | Well Spring |
| 16:06 | Wisp |
| 16:06 | Wisp |
| 16:06 | Wisp |
| 16:06 | Wisp |
| 16:06 | Wisp |
| 16:14 | Moon Well |
| 16:46 | Tree of Life |
| 16:56 | Ancient Protector |
| 16:57 | Ancient Protector |
| 17:44 | Moon Well |
| 17:45 | Moon Well |
| 17:46 | Moon Well |
| 17:47 | Moon Well |
| 17:48 | Moon Well |
| 17:48 | Moon Well |
| 17:49 | Moon Well |
| 17:49 | Moon Well |
| 17:49 | Moon Well |
| 17:54 | Ancient of Wonders |
| 17:59 | Wisp |
| 17:59 | Wisp |
| 17:59 | Wisp |
| 17:59 | Wisp |
| 17:59 | Wisp |
| 18:00 | Wisp |
| 18:19 | Ancient of Wind |
| 20:45 | Wisp |
| 20:45 | Wisp |
| 20:45 | Wisp |
| 20:46 | Wisp |
| 20:46 | Wisp |
| 20:46 | Wisp |
| 20:46 | Wisp |
| 20:57 | Wisp |
| 20:57 | Wisp |
| 20:57 | Wisp |
| 20:57 | Wisp |
| 20:57 | Wisp |
| 20:57 | Wisp |
| 20:57 | Wisp |
| 21:02 | Ancient Protector |
| 21:04 | Ancient Protector |
| 21:05 | Ancient Protector |
| 21:06 | Ancient Protector |
| 21:08 | Ancient Protector |
| 22:51 | Ancient of War |
| 22:52 | Ancient of War |
| 22:54 | Ancient of War |
| 23:00 | Ancient Protector |
| 23:01 | Ancient Protector |
| 23:02 | Ancient Protector |
| 23:03 | Ancient Protector |
| 23:04 | Ancient Protector |
| 23:05 | Ancient Protector |
| 23:09 | Tree of Life |
| 23:24 | Druid of the Talon |
| 23:24 | Druid of the Talon |
| 23:24 | Druid of the Talon |
| 23:58 | Druid of the Talon |
| 23:58 | Druid of the Talon |
| 25:03 | Druid of the Talon |
| 25:03 | Druid of the Talon |
| 25:05 | Druid of the Talon |
| 27:10 | Trueshot Aura |
| 27:18 | Tree of Life |
| 27:18 | Tree of Life |
| Right click | 662 |
| Select group | 279 |
| Select | 236 |
| Build/train/purchase | 180 |
| Misc. action | 85 |
| Use ability | 36 |
| Assign group | 33 |
| Minimap ping | 13 |
| Esc | 2 |
| Item give/drop | 1 |



| Mechanical Critter | 1 | 50 |
| Potion of Healing | 1 | 150 |
| total: | 2 | 200g |
| Peasant | 17 | 1275 | / | 0 |
| Rifleman | 4 | 820 | / | 120 |
| Priest | 3 | 405 | / | 30 |
| Spell Breaker | 1 | 215 | / | 30 |
| total: | 25 | 2715g | / | 180w |
| Scout Tower | 4 | 120 | / | 80 |
| Guard Tower | 2 | 140 | / | 100 |
| Arcane Tower | 1 | 70 | / | 50 |
| Farm | 9 | 720 | / | 180 |
| Altar of Kings | 1 | 180 | / | 50 |
| Lumber Mill | 2 | 240 | / | 0 |
| Barracks | 3 | 480 | / | 180 |
| Arcane Vault | 1 | 130 | / | 30 |
| Blacksmith | 1 | 140 | / | 60 |
| Town Hall | 1 | 385 | / | 205 |
| Arcane Sanctum | 3 | 450 | / | 420 |
| Keep | 1 | 320 | / | 210 |
| Castle | 1 | 360 | / | 210 |
| total: | 25 | 2845g | / | 1205w |
| 0:17 | Peasant |
| 0:18 | Peasant |
| 0:22 | Farm |
| 0:27 | Altar of Kings |
| 0:40 | Peasant |
| 0:53 | Lumber Mill |
| 1:00 | Peasant |
| 1:05 | Farm |
| 1:20 | Barracks |
| 1:26 | Barracks |
| 1:28 | Peasant |
| 1:50 | Scout Tower |
| 1:57 | Improved Lumber Harvesting |
| 2:01 | Peasant |
| 2:04 | Peasant |
| 2:12 | Improved Masonry |
| 2:27 | Farm |
| 2:42 | Summon Water Elemental |
| 2:55 | Arcane Vault |
| 2:58 | Peasant |
| 2:59 | Peasant |
| 3:16 | Farm |
| 3:40 | Keep |
| 3:51 | Blacksmith |
| 3:59 | Farm |
| 4:29 | Guard Tower |
| 4:46 | Mechanical Critter |
| 5:04 | Farm |
| 5:09 | Rifleman |
| 5:10 | Rifleman |
| 5:23 | Barracks |
| 5:28 | Black Gunpowder |
| 5:29 | Studded Leather Armor |
| 5:54 | Farm |
| 6:08 | Arcane Sanctum |
| 6:10 | Arcane Sanctum |
| 6:58 | Rifleman |
| 7:01 | Long Rifles |
| 7:06 | Rifleman |
| 7:25 | Arcane Sanctum |
| 7:36 | Advanced Lumber Harvesting |
| 7:51 | Potion of Healing |
| 8:12 | Priest |
| 8:12 | Priest Adept Training |
| 8:50 | Spell Breaker |
| 8:55 | Iron Plating |
| 9:37 | Castle |
| 9:43 | Refined Gunpowder |
| 9:58 | Brilliance Aura |
| 10:53 | Farm |
| 10:54 | Farm |
| 11:33 | Flame Strike |
| 12:01 | Peasant |
| 12:01 | Peasant |
| 12:01 | Peasant |
| 13:14 | Peasant |
| 13:14 | Peasant |
| 13:15 | Peasant |
| 13:26 | Peasant |
| 13:26 | Peasant |
| 14:54 | Animal War Training |
| 15:09 | Scout Tower |
| 15:12 | Scout Tower |
| 15:36 | Storm Bolt |
| 15:59 | Guard Tower |
| 18:43 | Priest |
| 18:43 | Priest |
| 20:04 | Siphon Mana |
| 21:22 | Town Hall |
| 21:37 | Lumber Mill |
| 23:53 | Scout Tower |
| 25:04 | Arcane Tower |
| Right click | 305 |
| Select | 237 |
| Misc. action | 82 |
| Build/train/purchase | 73 |
| Select group | 60 |
| Assign group | 11 |
| Use ability | 11 |
| Resource trade | 8 |


| Scroll of Regeneration | 1 | 100 |
| Potion of Healing | 2 | 300 |
| Scroll of Town Portal | 4 | 1400 |
| total: | 7 | 1800g |
| Peasant | 9 | 675 | / | 0 |
| Rifleman | 4 | 820 | / | 120 |
| Priest | 6 | 810 | / | 60 |
| Spell Breaker | 5 | 1075 | / | 150 |
| Mortar Team | 7 | 1260 | / | 490 |
| Knight | 3 | 735 | / | 180 |
| total: | 34 | 5375g | / | 1000w |
| Scout Tower | 10 | 300 | / | 200 |
| Arcane Tower | 1 | 70 | / | 50 |
| Guard Tower | 8 | 560 | / | 400 |
| Altar of Kings | 1 | 180 | / | 50 |
| Farm | 7 | 560 | / | 140 |
| Barracks | 1 | 160 | / | 60 |
| Blacksmith | 1 | 140 | / | 60 |
| Arcane Vault | 1 | 130 | / | 30 |
| Lumber Mill | 1 | 120 | / | 0 |
| Town Hall | 1 | 385 | / | 205 |
| Arcane Sanctum | 2 | 300 | / | 280 |
| Workshop | 1 | 140 | / | 140 |
| Keep | 1 | 320 | / | 210 |
| Castle | 1 | 360 | / | 210 |
| total: | 26 | 2415g | / | 1165w |
| 0:08 | Altar of Kings |
| 0:14 | Farm |
| 0:15 | Peasant |
| 0:15 | Peasant |
| 0:15 | Peasant |
| 0:16 | Peasant |
| 0:36 | Peasant |
| 0:50 | Peasant |
| 1:17 | Barracks |
| 1:22 | Peasant |
| 1:33 | Scout Tower |
| 1:36 | Peasant |
| 2:00 | Arcane Tower |
| 2:04 | Blacksmith |
| 2:08 | Summon Water Elemental |
| 2:20 | Farm |
| 3:06 | Arcane Vault |
| 3:17 | Rifleman |
| 3:17 | Rifleman |
| 3:21 | Farm |
| 3:28 | Keep |
| 3:45 | Rifleman |
| 4:26 | Lumber Mill |
| 4:31 | Farm |
| 4:32 | Rifleman |
| 5:04 | Brilliance Aura |
| 5:12 | Scroll of Regeneration |
| 5:25 | Studded Leather Armor |
| 5:31 | Farm |
| 5:33 | Improved Lumber Harvesting |
| 5:33 | Improved Masonry |
| 5:59 | Arcane Sanctum |
| 6:21 | Arcane Sanctum |
| 6:43 | Blizzard |
| 7:02 | Long Rifles |
| 7:03 | Black Gunpowder |
| 7:20 | Priest |
| 7:20 | Priest |
| 7:20 | Priest |
| 7:28 | Farm |
| 7:54 | Spell Breaker |
| 7:54 | Spell Breaker |
| 7:55 | Spell Breaker |
| 8:05 | Scout Tower |
| 8:41 | Guard Tower |
| 8:47 | Priest Adept Training |
| 9:01 | Farm |
| 9:03 | Iron Plating |
| 9:04 | Iron Forged Swords |
| 9:07 | Priest |
| 11:00 | Spell Breaker |
| 11:01 | Castle |
| 11:08 | Blizzard |
| 11:17 | Town Hall |
| 11:25 | Scout Tower |
| 11:36 | Holy Light |
| 12:02 | Guard Tower |
| 12:07 | Scout Tower |
| 12:17 | Sorceress Adept Training |
| 12:19 | Advanced Lumber Harvesting |
| 12:20 | Advanced Masonry |
| 12:40 | Spell Breaker |
| 13:37 | Guard Tower |
| 13:40 | Scout Tower |
| 13:43 | Priest Master Training |
| 14:05 | Animal War Training |
| 14:10 | Guard Tower |
| 14:13 | Scout Tower |
| 14:50 | Guard Tower |
| 14:54 | Peasant |
| 16:39 | Workshop |
| 17:19 | Scout Tower |
| 17:41 | Scroll of Town Portal |
| 17:41 | Scroll of Town Portal |
| 17:56 | Guard Tower |
| 18:42 | Flak Cannons |
| 18:45 | Fragmentation Shards |
| 18:47 | Mortar Team |
| 18:47 | Mortar Team |
| 18:47 | Mortar Team |
| 21:04 | Reinforced Leather Armor |
| 21:18 | Scout Tower |
| 21:22 | Scout Tower |
| 21:42 | Potion of Healing |
| 21:44 | Potion of Healing |
| 21:45 | Scroll of Town Portal |
| 21:54 | Mortar Team |
| 21:54 | Mortar Team |
| 21:55 | Knight |
| 21:57 | Priest |
| 21:58 | Sorceress Master Training |
| 22:03 | Guard Tower |
| 22:12 | Scout Tower |
| 23:15 | Priest |
| 23:17 | Knight |
| 23:17 | Knight |
| 23:19 | Mortar Team |
| 23:19 | Mortar Team |
| 24:34 | Guard Tower |
| 24:40 | Scroll of Town Portal |
| 26:49 | Devotion Aura |
| Select | 527 |
| Right click | 248 |
| Misc. action | 116 |
| Build/train/purchase | 100 |
| Use ability | 42 |
| Item give/drop | 3 |
| Minimap ping | 2 |
| Remove unit | 1 |
84 units @ 7.6k
/ 0.8k
159 buildings @ 10.5k
/ 4.9k
GIGA
(207)
(28:07) : 
| Healing Salve | 5 | 500 |
| Lesser Clarity Potion | 8 | 560 |
| Orb of Lightning | 1 | 375 |
| Tiny Great Hall | 1 | 600 |
| Potion of Mana | 3 | 600 |
| Boots of Speed | 1 | 250 |
| Staff of Teleportation | 1 | 150 |
| total: | 20 | 3035g |
| Peon | 22 | 1650 | / | 0 |
| Troll Headhunter | 4 | 560 | / | 80 |
| Troll Witch Doctor | 4 | 580 | / | 100 |
| total: | 30 | 2790g | / | 180w |
| Watch Tower | 6 | 660 | / | 480 |
| Altar of Storms | 1 | 180 | / | 50 |
| Orc Burrow | 4 | 640 | / | 160 |
| War Mill | 1 | 205 | / | 0 |
| Barracks | 1 | 180 | / | 50 |
| Voodoo Lounge | 1 | 130 | / | 30 |
| Great Hall | 1 | 385 | / | 185 |
| Spirit Lodge | 1 | 150 | / | 150 |
| Stronghold | 2 | 630 | / | 380 |
| Fortress | 1 | 325 | / | 190 |
| total: | 16 | 2530g | / | 1105w |
| 0:03 | Peon |
| 0:03 | Peon |
| 0:08 | Altar of Storms |
| 0:11 | Orc Burrow |
| 0:17 | Peon |
| 0:33 | Peon |
| 0:49 | Peon |
| 0:57 | War Mill |
| 1:06 | Peon |
| 1:13 | Barracks |
| 1:21 | Peon |
| 1:29 | Peon |
| 1:44 | Orc Burrow |
| 1:51 | Peon |
| 2:06 | Peon |
| 2:14 | Voodoo Lounge |
| 2:24 | Troll Headhunter |
| 2:35 | Peon |
| 2:49 | Troll Headhunter |
| 2:54 | Wind Walk |
| 2:57 | Peon |
| 3:01 | Peon |
| 3:56 | Peon |
| 3:56 | Peon |
| 3:58 | Troll Headhunter |
| 3:58 | Troll Headhunter |
| 4:21 | Healing Salve |
| 5:23 | Critical Strike |
| 5:34 | Great Hall |
| 5:46 | Healing Salve |
| 6:20 | Watch Tower |
| 6:22 | Watch Tower |
| 7:23 | Boots of Speed |
| 7:23 | Staff of Teleportation |
| 7:31 | Wind Walk |
| 7:58 | Healing Salve |
| 9:10 | Peon |
| 9:11 | Peon |
| 9:11 | Peon |
| 9:37 | Lesser Clarity Potion |
| 9:45 | Stronghold |
| 9:47 | Spiked Barricades |
| 9:53 | Watch Tower |
| 9:54 | Watch Tower |
| 9:55 | Watch Tower |
| 9:56 | Watch Tower |
| 12:07 | Spirit Lodge |
| 12:10 | Fortress |
| 12:31 | Reinforced Defenses |
| 12:56 | Critical Strike |
| 13:29 | Witch Doctor Adept Training |
| 14:22 | Healing Salve |
| 14:31 | Orb of Lightning |
| 14:32 | Tiny Great Hall |
| 14:34 | Witch Doctor Master Training |
| 14:35 | Troll Witch Doctor |
| 14:35 | Troll Witch Doctor |
| 14:35 | Troll Witch Doctor |
| 14:37 | Orc Burrow |
| 14:41 | Orc Burrow |
| 14:51 | Lesser Clarity Potion |
| 18:10 | Holy Light |
| 18:47 | Critical Strike |
| 19:14 | Lesser Clarity Potion |
| 19:17 | Healing Salve |
| 19:48 | Peon |
| 19:48 | Peon |
| 19:56 | Lesser Clarity Potion |
| 19:59 | Troll Witch Doctor |
| 21:06 | Peon |
| 21:06 | Peon |
| 22:37 | Bladestorm |
| 23:13 | Lesser Clarity Potion |
| 23:21 | Potion of Mana |
| 24:37 | Lesser Clarity Potion |
| 24:45 | Potion of Mana |
| 24:48 | Stronghold |
| 27:46 | Lesser Clarity Potion |
| 27:48 | Potion of Mana |
| 27:52 | Lesser Clarity Potion |
| Right click | 2015 |
| Select | 287 |
| Build/train/purchase | 153 |
| Select group | 79 |
| Resource trade | 46 |
| Use ability | 29 |
| Item give/drop | 17 |
| Minimap ping | 9 |
| Assign group | 6 |
| Remove unit | 1 |
| Esc | 1 |

| Peasant | 15 | 1125 | / | 0 |
| total: | 15 | 1125g | / | 0w |
| Scout Tower | 60 | 1800 | / | 1200 |
| Arcane Tower | 1 | 70 | / | 50 |
| Guard Tower | 40 | 2800 | / | 2000 |
| Altar of Kings | 2 | 360 | / | 100 |
| Farm | 7 | 560 | / | 140 |
| Lumber Mill | 2 | 240 | / | 0 |
| Town Hall | 1 | 385 | / | 205 |
| Keep | 2 | 640 | / | 420 |
| Castle | 1 | 360 | / | 210 |
| total: | 72 | 3345g | / | 1645w |
| 0:04 | Altar of Kings |
| 0:07 | Farm |
| 0:08 | Peasant |
| 0:10 | Peasant |
| 0:22 | Peasant |
| 0:36 | Peasant |
| 0:40 | Peasant |
| 0:46 | Lumber Mill |
| 0:50 | Peasant |
| 1:05 | Peasant |
| 1:21 | Peasant |
| 1:24 | Farm |
| 1:36 | Peasant |
| 1:47 | Peasant |
| 1:51 | Improved Lumber Harvesting |
| 1:52 | Peasant |
| 2:03 | Peasant |
| 2:07 | Farm |
| 2:09 | Scout Tower |
| 2:23 | Storm Bolt |
| 2:28 | Peasant |
| 2:34 | Improved Masonry |
| 2:44 | Scout Tower |
| 2:45 | Scout Tower |
| 2:53 | Arcane Tower |
| 2:56 | Scout Tower |
| 3:17 | Guard Tower |
| 3:30 | Scout Tower |
| 3:33 | Scout Tower |
| 3:58 | Guard Tower |
| 3:59 | Guard Tower |
| 4:02 | Scout Tower |
| 4:04 | Scout Tower |
| 4:16 | Guard Tower |
| 4:17 | Peasant |
| 4:17 | Peasant |
| 4:31 | Guard Tower |
| 4:33 | Guard Tower |
| 4:37 | Scout Tower |
| 4:38 | Scout Tower |
| 4:39 | Scout Tower |
| 5:08 | Guard Tower |
| 5:11 | Scout Tower |
| 5:16 | Scout Tower |
| 5:24 | Guard Tower |
| 5:29 | Keep |
| 5:49 | Guard Tower |
| 5:53 | Scout Tower |
| 6:00 | Guard Tower |
| 6:07 | Scout Tower |
| 6:12 | Scout Tower |
| 6:16 | Scout Tower |
| 6:35 | Guard Tower |
| 6:39 | Scout Tower |
| 6:42 | Scout Tower |
| 6:49 | Town Hall |
| 7:01 | Guard Tower |
| 7:04 | Scout Tower |
| 7:12 | Guard Tower |
| 7:16 | Guard Tower |
| 7:33 | Scout Tower |
| 7:36 | Guard Tower |
| 7:38 | Scout Tower |
| 7:43 | Scout Tower |
| 7:51 | Guard Tower |
| 8:08 | Guard Tower |
| 8:14 | Scout Tower |
| 8:18 | Scout Tower |
| 8:19 | Scout Tower |
| 8:38 | Scout Tower |
| 8:40 | Guard Tower |
| 8:49 | Scout Tower |
| 8:50 | Guard Tower |
| 8:51 | Guard Tower |
| 8:53 | Scout Tower |
| 8:59 | Scout Tower |
| 9:05 | Guard Tower |
| 9:10 | Scout Tower |
| 9:11 | Scout Tower |
| 9:17 | Guard Tower |
| 9:20 | Guard Tower |
| 9:38 | Guard Tower |
| 9:40 | Scout Tower |
| 9:42 | Scout Tower |
| 9:44 | Keep |
| 10:07 | Guard Tower |
| 10:11 | Scout Tower |
| 10:11 | Scout Tower |
| 10:13 | Scout Tower |
| 10:13 | Scout Tower |
| 10:16 | Scout Tower |
| 10:17 | Scout Tower |
| 10:18 | Scout Tower |
| 10:20 | Guard Tower |
| 10:24 | Scout Tower |
| 10:33 | Altar of Kings |
| 10:44 | Scout Tower |
| 10:46 | Scout Tower |
| 10:50 | Scout Tower |
| 10:53 | Guard Tower |
| 10:55 | Scout Tower |
| 10:58 | Guard Tower |
| 11:03 | Scout Tower |
| 11:15 | Guard Tower |
| 11:17 | Guard Tower |
| 11:20 | Lumber Mill |
| 11:26 | Scout Tower |
| 11:28 | Guard Tower |
| 11:30 | Scout Tower |
| 11:36 | Scout Tower |
| 11:37 | Guard Tower |
| 11:39 | Scout Tower |
| 11:46 | Scout Tower |
| 12:13 | Scout Tower |
| 12:21 | Scout Tower |
| 12:23 | Advanced Masonry |
| 12:26 | Guard Tower |
| 12:32 | Castle |
| 12:41 | Scout Tower |
| 12:45 | Scout Tower |
| 12:50 | Scout Tower |
| 12:53 | Guard Tower |
| 12:58 | Guard Tower |
| 13:03 | Scout Tower |
| 13:04 | Scout Tower |
| 13:08 | Scout Tower |
| 13:16 | Guard Tower |
| 13:18 | Guard Tower |
| 13:19 | Guard Tower |
| 13:39 | Farm |
| 13:40 | Farm |
| 13:42 | Farm |
| 13:46 | Farm |
| 13:54 | Guard Tower |
| 14:31 | Guard Tower |
| 14:54 | Imbued Masonry |
| Right click | 841 |
| Select group | 582 |
| Select | 287 |
| Build/train/purchase | 79 |
| Assign group | 11 |
| Use ability | 6 |
| Resource trade | 5 |
| Remove unit | 2 |
| Misc. action | 1 |


| Staff of Sanctuary | 1 | 250 |
| total: | 1 | 250g |
| Peasant | 20 | 1500 | / | 0 |
| Mortar Team | 1 | 180 | / | 70 |
| Flying Machine | 16 | 1600 | / | 480 |
| Dragonhawk Rider | 2 | 400 | / | 60 |
| total: | 39 | 3680g | / | 610w |
| Scout Tower | 41 | 1230 | / | 820 |
| Guard Tower | 15 | 1050 | / | 750 |
| Altar of Kings | 2 | 360 | / | 100 |
| Farm | 18 | 1440 | / | 360 |
| Lumber Mill | 2 | 240 | / | 0 |
| Town Hall | 1 | 385 | / | 205 |
| Blacksmith | 1 | 140 | / | 60 |
| Arcane Vault | 2 | 260 | / | 60 |
| Workshop | 3 | 420 | / | 420 |
| Gryphon Aviary | 1 | 140 | / | 150 |
| Keep | 1 | 320 | / | 210 |
| Castle | 1 | 360 | / | 210 |
| total: | 71 | 4615g | / | 2175w |
| 0:02 | Peasant |
| 0:12 | Altar of Kings |
| 0:19 | Farm |
| 0:20 | Peasant |
| 0:38 | Lumber Mill |
| 0:40 | Peasant |
| 0:42 | Peasant |
| 0:44 | Peasant |
| 0:52 | Farm |
| 0:53 | Peasant |
| 1:07 | Peasant |
| 1:20 | Scout Tower |
| 1:25 | Peasant |
| 1:46 | Scout Tower |
| 2:00 | Scout Tower |
| 2:04 | Peasant |
| 2:05 | Guard Tower |
| 2:07 | Scout Tower |
| 2:20 | Storm Bolt |
| 2:22 | Peasant |
| 2:28 | Guard Tower |
| 2:29 | Scout Tower |
| 2:55 | Guard Tower |
| 2:57 | Scout Tower |
| 3:07 | Peasant |
| 3:09 | Scout Tower |
| 3:10 | Guard Tower |
| 3:11 | Peasant |
| 3:53 | Guard Tower |
| 4:02 | Peasant |
| 4:02 | Peasant |
| 4:18 | Town Hall |
| 4:25 | Peasant |
| 4:26 | Scout Tower |
| 4:38 | Peasant |
| 4:40 | Guard Tower |
| 4:43 | Scout Tower |
| 4:44 | Scout Tower |
| 5:19 | Scout Tower |
| 5:20 | Scout Tower |
| 5:21 | Scout Tower |
| 5:27 | Peasant |
| 5:30 | Guard Tower |
| 5:37 | Guard Tower |
| 5:38 | Improved Lumber Harvesting |
| 5:45 | Scout Tower |
| 5:48 | Guard Tower |
| 5:50 | Scout Tower |
| 5:50 | Scout Tower |
| 6:20 | Bash |
| 6:22 | Bash |
| 6:28 | Peasant |
| 6:36 | Keep |
| 6:42 | Peasant |
| 6:49 | Peasant |
| 6:58 | Guard Tower |
| 7:54 | Scout Tower |
| 7:55 | Scout Tower |
| 8:47 | Scout Tower |
| 8:55 | Blacksmith |
| 8:59 | Scout Tower |
| 9:00 | Scout Tower |
| 9:01 | Castle |
| 9:07 | Advanced Lumber Harvesting |
| 9:08 | Improved Masonry |
| 9:26 | Scout Tower |
| 9:58 | Workshop |
| 10:02 | Guard Tower |
| 10:10 | Guard Tower |
| 10:20 | Workshop |
| 10:23 | Scout Tower |
| 10:47 | Farm |
| 10:48 | Farm |
| 11:15 | Black Gunpowder |
| 11:22 | Farm |
| 11:23 | Farm |
| 11:25 | Mortar Team |
| 11:53 | Workshop |
| 11:57 | Holy Light |
| 12:04 | Flak Cannons |
| 12:04 | Flare |
| 12:04 | Fragmentation Shards |
| 12:05 | Flying Machine Bombs |
| 12:12 | Farm |
| 12:24 | Advanced Masonry |
| 12:44 | Farm |
| 12:48 | Farm |
| 12:49 | Farm |
| 12:49 | Farm |
| 13:06 | Flying Machine |
| 13:07 | Flying Machine |
| 13:07 | Flying Machine |
| 13:22 | Refined Gunpowder |
| 13:48 | Flying Machine |
| 13:49 | Flying Machine |
| 13:49 | Flying Machine |
| 13:49 | Flying Machine |
| 14:17 | Flying Machine |
| 14:18 | Flying Machine |
| 14:18 | Flying Machine |
| 14:18 | Flying Machine |
| 14:20 | Flying Machine |
| 14:26 | Flying Machine |
| 14:26 | Flying Machine |
| 14:40 | Arcane Vault |
| 14:45 | Lumber Mill |
| 14:58 | Flying Machine |
| 14:58 | Flying Machine |
| 15:00 | Farm |
| 15:05 | Farm |
| 15:07 | Farm |
| 15:09 | Farm |
| 15:18 | Farm |
| 15:26 | Imbued Gunpowder |
| 15:26 | Iron Plating |
| 15:30 | Farm |
| 15:30 | Farm |
| 17:27 | Scout Tower |
| 17:27 | Scout Tower |
| 17:28 | Scout Tower |
| 17:29 | Scout Tower |
| 17:30 | Scout Tower |
| 18:01 | Guard Tower |
| 18:05 | Scout Tower |
| 18:06 | Scout Tower |
| 18:39 | Scout Tower |
| 18:39 | Scout Tower |
| 18:40 | Scout Tower |
| 18:41 | Scout Tower |
| 18:42 | Scout Tower |
| 18:46 | Storm Bolt |
| 18:48 | Storm Bolt |
| 18:59 | Gryphon Aviary |
| 19:01 | Arcane Vault |
| 19:11 | Guard Tower |
| 19:14 | Guard Tower |
| 19:20 | Scout Tower |
| 19:21 | Scout Tower |
| 19:22 | Scout Tower |
| 19:22 | Scout Tower |
| 19:23 | Scout Tower |
| 19:24 | Scout Tower |
| 21:19 | Divine Shield |
| 21:21 | Divine Shield |
| 21:29 | Cloud |
| 21:29 | Dragonhawk Rider |
| 21:30 | Dragonhawk Rider |
| 23:24 | Staff of Sanctuary |
| 27:28 | Altar of Kings |
| 27:36 | Holy Light |
| 27:39 | Holy Light |
| Right click | 1334 |
| Select group | 575 |
| Select | 288 |
| Build/train/purchase | 94 |
| Use ability | 59 |
| Misc. action | 31 |
| Remove unit | 13 |
| Minimap ping | 12 |
| Resource trade | 12 |
| Assign group | 9 |
| Item give/drop | 1 |
| Esc | 1 |
⇛